 Dungeon Crawl Stone Soup version 0.29-a0-378-gc08b2e8bf8 (webtiles) character file.

Game seed: 5068520325158808554

2684 happo123 the Cudgeller (level 9, -1/88 HPs)
             Began as a Troll Berserker on May 4, 2022.
             Was a High Priest of Trog.
             Slain by a lemure (6 damage)
             ... led by Pikel
             ... on level 7 of the Dungeon.
             The game lasted 00:39:34 (4866 turns).

happo123 the Cudgeller (Troll Berserker)            Turns: 4866, Time: 00:39:35

Health: -1/88      AC:  6    Str: 37    XL:     9   Next: 37%
Magic:  8/8        EV: 11    Int:  3    God:    Trog [*****.]
Gold:   330        SH:  0    Dex:  9    Spells: 8/8 levels left

rFire   . . .      SeeInvis .   C - +2 great mace (protect)
rCold   . . .      Faith    +   (shield currently unavailable)
rNeg    . . .      Spirit   .   a - +0 animal skin
rPois   +          Reflect  .   (helmet restricted)
rElec   .          Harm     .   K - +1 cloak {Stlth+}
rCorr   .          Rampage  .   (gloves unavailable)
Will    .....                   (boots unavailable)
Stlth   ++........              G - amulet of faith
HPRegen 1.04/turn               p - ring of poison resistance
MPRegen 0.11/turn               w - +6 ring of strength

@: confused, on berserk cooldown, slowed, very slow
A: large, unfitting armour, claws 3, regeneration 1, shaggy fur 1, tough skin 1
a: Renounce Religion, Berserk, Trog's Hand, Brothers in Arms


You were on level 7 of the Dungeon.
You worshipped Trog.
Trog was extremely pleased with you.
You visited 1 branch of the dungeon, and saw 7 of its levels.
You also visited: Sewer.

You collected 330 gold pieces.

Inventory:

Hand Weapons
 z - a +2 short sword of distortion
 C - a +2 great mace of protection (weapon)
 I - a +0 spectral quarterstaff
 N - a +4 mace
Missiles
 B - 13 poisoned darts (quivered)
Armour
 a - a +0 animal skin (worn)
 x - a +1 cloak
 K - a +1 cloak of stealth (worn)
Jewellery
 p - a ring of poison resistance (left claw)
 w - a +6 ring of strength (right claw)
 F - a ring of protection from fire
 G - an amulet of faith (around neck)
 M - a ring of protection from cold
Wands
 r - a wand of polymorph (11)
 y - a wand of flame (15)
 Q - a wand of iceblast (6)
Scrolls
 b - a scroll of amnesia {unknown}
 e - 2 scrolls of fog {unknown}
 g - 5 scrolls of teleportation
 i - a scroll of silence {unknown}
 l - 2 scrolls of enchant weapon {unknown}
 m - 2 scrolls of brand weapon
 o - a scroll of identify
 q - 3 scrolls of immolation
 s - 2 scrolls of enchant armour {unknown}
 t - a scroll of torment {unknown}
 u - 2 scrolls of fear
 D - a scroll of poison {unknown}
 E - 2 scrolls of noise
 H - a scroll of blinking
Potions
 c - 4 potions of mutation
 d - a potion of magic {unknown}
 f - 2 potions of lignification {unknown}
 h - 2 potions of flight {unknown}
 j - 4 potions of curing
 k - a potion of cancellation {unknown}
 n - a potion of might {unknown}
 v - a potion of berserk rage {unknown}
 A - 3 potions of attraction
 J - a potion of degeneration {unknown}
 L - a potion of heal wounds {unknown}
 O - a potion of haste {unknown}
 P - a potion of ambrosia {unknown}


   Skills:
 + Level 5.3 Fighting
 + Level 6.8 Maces & Flails
 + Level 5.2 Dodging
 + Level 2.1 Stealth
 + Level 6.1 Unarmed Combat
 + Level 0.6 Evocations


You had 8 spell levels left.
You didn't know any spells.
Your spell library was empty.

Dungeon Overview and Level Annotations

Branches:
Dungeon (7/15)             Temple (0/1) D:5           Sewer (visited)

Altars:
Ashenzari

Shops:
D:4 *

Annotations:
D:7 Pikel


Innate Abilities, Weirdness & Mutations

You are too large for most types of armour.
You have claws for hands.
Your natural rate of healing is unusually fast.
You are covered in fur. (AC +1)
You have tough skin. (AC +1)


Message History

You closely miss the lemure.
You bump into the stone wall.
The orc wizard hits you with a +0 dagger.
The lemure closely misses you. Pikel closely misses you.
You bump into the stone wall.
You feel a strong urge to attack something.
The orc wizard hits you but does no damage.
The lemure hits you!
Pikel hits you with a +2 whip of electrocution.
You are electrocuted!
You bump into the stone wall.
You are no longer berserk.
You are exhausted.
You feel yourself slow down.
You bump into the rock wall.
The orc wizard closely misses you. The lemure hits you but does no damage.
Pikel hits you with a +2 whip of electrocution.
The orc wizard hits you but does no damage.
Pikel hits you with a +2 whip of electrocution.
The lemure hits you but does no damage.
You miss Pikel.
You feel less confused.
The orc wizard gestures at you while chanting.
The magic dart hits you. The lemure hits you.
Pikel hits you with a +2 whip of electrocution.
The orc wizard hits you but does no damage.
The lemure barely misses you.
Pikel hits you with a +2 whip of electrocution.
* * * LOW HITPOINT WARNING * * *
You barely miss Pikel.
The orc wizard gestures at you while chanting.
You are confused.
The lemure barely misses you. Pikel misses you.
The orc wizard closely misses you.
Pikel hits you with a +2 whip of electrocution.
* * * LOW HITPOINT WARNING * * *
You are electrocuted!
* * * LOW HITPOINT WARNING * * *
The lemure hits you.
You die...

.#### ###
##.#.#.## ....##
###.#
##.#.#.#.##
.##..####..##
##.#.###.#.##
..........##
##.#.##.##.#.##
.........##
##.#.##.#
##.#.##
.####...##
##.#.##.# #
##.#.##
......###
#.#.##.#?..
##.#.## ....###
#.##5h)!# ##.#.#
.##.## #.#@K5#
##.#.## .##..##
##5#o#.#
##.#.##.
......### ## #5#
##.#.##..
#.##....## ##
##.#.##...
#.##.##..#
##.#.###...
..##.###.##
##.#.###....
.###.# #..#####
##.#.##...... ##
#.# ##.....#
##.#.##...#...
###.#####...####
##.#.##........


You could see Pikel, 4 lemures, a hound and an orc wizard.

Vanquished Creatures
  A steam dragon (D:7)
  A water moccasin (D:6)
  An ice beast (D:7)
  2 orc warriors
  2 ogres (D:5)
  A centaur (D:5)
  Blork the orc (D:5)
  A kobold brigand (D:6)
  6 bullfrogs
  A necrophage (D:6)
  4 scorpions
  4 wights (D:6)
  3 electric eels (D:3)
  A howler monkey (D:5)
  A jelly (D:6)
  2 gnoll shamans
  5 hounds
  2 iguanas
  4 orc wizards
  16 gnolls
  7 adders
  A river rat (D:5)
  3 white imps
  A dart slug (D:2)
  10 orcs
  6 endoplasms
  14 giant cockroaches
  4 hobgoblins
  2 jackals (D:2)
  8 kobolds
  16 quokkas
  13 ball pythons
  7 bats
  11 frilled lizards
  3 goblins (D:2)
  2 rats
167 creatures vanquished.

Vanquished Creatures (others)
  A necrophage (D:5)
  A plant (D:3)
2 creatures vanquished.

Grand Total: 169 creatures vanquished

Notes
Turn   | Place    | Note
-------+----------+-------------------------------------------
     0 | D:1      | happo123 the Troll Berserker began the quest for the Orb.
     0 | D:1      | Reached XP level 1. HP: 22/22 MP: 0/0
   161 | D:1      | Reached XP level 2. HP: 29/29 MP: 1/1
   506 | D:2      | Reached XP level 3. HP: 35/37 MP: 2/2
   651 | D:2      | Reached ** piety under Trog
   790 | D:2      | Found a faded altar of an unknown god.
   881 | D:2      | Reached XP level 4. HP: 45/45 MP: 3/3
  1393 | D:3      | Found a transporter.
  1408 | D:3      | Found a transporter.
  1774 | D:3      | HP: 2/45 [electric eel/bolt of electricity (8)]
  1775 | D:3      | Reached XP level 5. HP: 2/53 MP: 4/4
  1911 | D:4      | Reached XP level 6. HP: 62/62 MP: 5/5
  1924 | D:4      | Reached skill level 5 in Unarmed Combat
  1936 | D:4      | Found Fetrom's Assorted Antiques.
  2356 | D:5      | Entered Level 5 of the Dungeon
  2383 | D:5      | Reached XP level 7. HP: 53/68 MP: 6/6
  2422 | D:5      | Reached skill level 1 in Stealth
  2478 | D:5      | Reached skill level 1 in Maces & Flails
  2495 | D:5      | Noticed Blork the orc
  2502 | D:5      | Killed Blork the orc
  2513 | D:5      | Reached XP level 8. HP: 40/78 MP: 7/7
  2526 | D:5      | Found a broken altar of Ashenzari.
  2540 | D:5      | Reached *** piety under Trog
  2602 | D:5      | Found a staircase to the Ecumenical Temple.
  2649 | D:5      | Found a glowing drain.
  2674 | Sewer    | Entered a sewer
  2862 | Sewer    | Reached **** piety under Trog
  3510 | D:6      | Identified the -1 pair of boots "Seavviro" {rElec Regen+
                  | Dex+3 SInv}
  3701 | D:6      | Reached skill level 5 in Maces & Flails
  3842 | D:6      | Reached ***** piety under Trog
  3845 | D:6      | Reached XP level 9. HP: 54/87 MP: 8/8
  3910 | D:6      | Reached skill level 5 in Fighting
  4522 | D:7      | Reached skill level 5 in Dodging
  4856 | D:7      | Noticed Pikel
  4866 | D:7      | Slain by a lemure

Illustrated notes

Levels and vault maps discovered:
D:1:      giann_horns, layout_rooms
D:2:      minmay_angry_zag, layout_loops_ring, shapermc_ecumenical_altar_pompeii
D:3:      gammafunk_steamed_eel, layout_basic, serial_glass, glass_columns_a,
          glass_columns_b
D:4:      layout_cave_pools, serial_shops, shop, grunt_ministairs_14,
          st_stairs_3
D:5:      layout_rooms, lemuel_crystal_altar, minmay_temple_entry_antechambers,
          portal_sewer_entry_b, uniq_blork_the_orc
D:6:      layout_layer_cave
D:7:      minmay_inner_zag, layout_rooms, uniq_pikel

Skill      XL: |  1  2  3  4  5  6  7  8  9 |
---------------+----------------------------+-----
Fighting       | 3 4 5 |  5.3
Dodging        | 3 4 5 |  5.2
Unarmed Combat | 4 5 6 |  6.1
Stealth        | 1 2 |  2.1
Maces & Flails | 3 5 6 |  6.8
Evocations     | |  0.6

Action                   |  1- 3 |  4- 6 |  7- 9 || total
-------------------------+-------+-------+-------++-------
Melee: Unarmed           |    74 |    47 |       ||   121
       Punch             |     1 |       |       ||     1
       Great mace        |       |     5 |   320 ||   325
Invok: Trog's Hand       |       |     1 |       ||     1
       Berserk           |       |     1 |     7 ||     8
Evoke: Wand              |       |     5 |       ||     5
  Use: Scroll            |       |     2 |     6 ||     8
 Stab: Sleeping          |       |     1 |     5 ||     6
Armor: Animal skin       |    27 |    16 |   281 ||   324
Dodge: Dodged            |    42 |    24 |   303 ||   369

Table legend: (Time is in decaauts)
 A = Elapsed time spent in this place.
 B = Non-inter-level travel time spent in this place.
 C = Inter-level travel time spent in this place.
 D = Time resting spent in this place.
 E = Time spent auto-exploring this place.
 F = Levels seen in this place.
 G = Mean time per level.
                   A        B        C        D        E       F      G
               +--------+--------+--------+--------+--------+-----+--------+
         Total |   5134 |   4183 |    951 |    157 |   2610 |   8 |  641.8 |
       Dungeon |   4672 |   3721 |    951 |    157 |   2601 |   7 |  667.4 |
         Sewer |    462 |    462 |      0 |      0 |      9 |   1 |  462.0 |
               +--------+--------+--------+--------+--------+-----+--------+

Top non-repeatable levels by time:
     D:6: 1050 daAuts
     D:5: 792 daAuts
     D:2: 747 daAuts
     D:3: 707 daAuts
     D:7: 472 daAuts
     D:4: 467 daAuts
   Sewer: 462 daAuts
     D:1: 435 daAuts
